 Dungeon Sprint DCSS version 0.25-a0-713-g4845790874 (webtiles) character file.

Game seed: 10763271691430979374, levelgen mode: deterministic

9053 Ankalagon the Carver (level 11, -4/90 HPs)
             Began as a Demonspawn Abyssal Knight on Apr 5, 2020.
             Was the Champion of Lugonu.
             Slain by a killer bee (6 damage)
             ... in the Dungeon (Sprint III: "The Ten Rune Challenge").
             The game lasted 00:19:53 (4947 turns).

Ankalagon the Carver (Demonspawn Abyssal Knight)    Turns: 4947, Time: 00:19:53

Health: -4/90      AC: 19    Str: 14    XL:     11   Next: 18%
Magic:  18/18      EV:  9    Int: 15    God:    Lugonu [******]
Gold:   3666       SH:  0    Dex: 15    Spells: 10/10 levels left

rFire    . . .     SeeInvis .   a - +1 falchion
rCold    . . .     Gourm    .   (no shield)
rNeg     . . .     Faith    .   q - +0 plate armour
rPois    .         Spirit   .   (no helmet)
rElec    .         Reflect  .   (no cloak)
rCorr    .         Harm     .   (no gloves)
MR       .....     Rnd*Rage +   (no boots) Stlth ..........NoTele +
                                (no amulet)
HPRegen  0.25/turn              (no ring)
MPRegen  0.16/turn              (no ring)

@: lethally poisoned (-4 -> -11), starving
A: talons 2, yellow scales 2, berserk 1, demonic guardian 1, powered by pain 2,
strong 1
a: Bend Space, Banish, Corrupt, Brand Weapon With Distortion, Renounce Religion


You were in the Dungeon.
You worshipped Lugonu.
Lugonu was exalted by your worship.
You were starving.

You visited 1 branch You collected 3744 gold pieces.
You spent 78 gold pieces at shops.

Inventory:

Hand Weapons
 a - a +1 falchion (weapon)
Missiles
 b - a throwing net
 p - 10 boomerangs (quivered)
Armour
 c - the +3 hat of Pondering {ponderous, MR+ MP+10 Int+5}
   (You took it off Gastronok in the Dungeon)

   It affects your intelligence (+5).
   It affects your resistance to hostile enchantments.
   It affects your magic capacity (+10).
 q - a +0 plate armour (worn)
 r - a +0 ring mail
Wands
 n - a wand of flame (11)
Scrolls
 f - 3 scrolls of identify
 i - a scroll of blinking
 k - a scroll of immolation
 l - a scroll of remove curse
Potions
 g - 2 potions of magic
 j - 3 potions of flight
 m - 5 potions of mutation
Miscellaneous
 h - a phial of floods (inert)


   Skills:
 - Level 9.7 Fighting
 - Level 14.0 Long Blades
 + Level 13.9 Armour
 + Level 9.5 Dodging
 - Level 10.0 Invocations
 - Level 7.1 Evocations


You had 10 spell levels left.
You didn't know any spells.
Your spell library contained the following spells:

 Spells                   Type           Power        Failure   Level  Hunger
 Animate Skeleton         Necr           N/A          100%        1    ##.....
 Apportation              Tloc           #.....       100%        1    ##.....
 Corona                   Hex            #......      100%        1    ##.....
 Sandblast                Erth           #.....       100%        1    ##.....
 Summon Small Mammal      Summ           #...         100%        1    ##.....
 Passwall                 Tmut/Erth      #.......     100%        2    ###....
 Stone Arrow              Conj/Erth      #.....       100%        3    ####...
 Petrify                  Tmut/Erth      #.......     100%        4    #####..
 Lee's Rapid Deconstruct  Erth           #.........   100%        5    ######.


Dungeon Overview and Level Annotations

Branches:
Dungeon (1/1)

Altars:
Cheibriados
Dithmenos
Elyvilon
Fedhas
Gozag
Hepliaklqana
Kikubaaqudgha
Makhleb
Nemelex Xobeh
Okawaru
Qazlal
Ru
Sif Muna
Trog
Uskayaw
Vehumet
Wu Jian
Xom
Yredelemnul
Zin
The Shining One
Beogh
Jiyva
Lugonu

Shops:
D ?


Innate Abilities, Weirdness & Mutations

You have razor-sharp toenails.
You are mostly covered in yellow scales. (AC +3)
A weak demonic guardian rushes to your aid.
You sometimes gain power by taking damage.
You tend to lose your temper in combat.
Your muscles are strong. (Str +2)


Message History

Your ufetubus barely misses the killer bee.
Unknown command.
You miss the killer bee.
The killer bee is heavily wounded.
The killer bee stings your ufetubus!
Your ufetubus dies!
You hear an angry buzzing noise. x2
The killer bee stings you but does no damage.
You feel sick.
Unknown command.
You hit the killer bee but do no damage.
Your kick misses the killer bee.
The killer bee is heavily wounded.
The killer bee stings you.
* * * LOW HITPOINT WARNING * * *
You are lethally poisoned!
The killer bee poisons you!
A killer bee comes into view.
The killer bee stings you.
You die...

__.#._#.........#
'###)##.........#
......#))......##
...)..#)##..#.## #####)#.#.##..#
__#...#'#########################
__#...#..).#.#.#yy≈†≈#...^..'..%≈
__#...##)#..#.##y###)#)^...^#...≈
__#...'##.#.#.##@#.†##.^....#


yyy __'...#...#..#.)##..'y......# yy ▓▓▓▓▓▓▓▓▓▓▓▓▓▓▓▓▓▓▓▓#^^.....# y
♣♣♣≈≈≈........≈≈≈...#..[.^..# ♣♣'♣≈≈≈≈≈≈≈≈≈≈≈≈♣♣P.'.).....#
.≈♣♣♣♣♣♣♣♣♣♣♣♣♣♣♣♣PP#..^^...# ..♣♣ ♣♣♣##+###### ##'♣♣♣♣♣ ♣♣.##..## You could see
3 killer bees.

Vanquished Creatures
  Gastronok (D)
  A deep elf mage (D)
  A lindwurm (D)
  A spiny frog (D)
  5 blink frogs (D)
  5 redbacks (D)
  A shadow (D)
  A wandering mushroom (D)
  A spatial vortex (D)
  A swamp drake (D)
  2 orc warriors (D)
  5 two-headed ogres (D)
  A water elemental (D)
  8 killer bees (D)
  4 orc wizards (D)
  A wizard (D)
  Jessica (D)
  A necromancer (D)
  3 humans (D)
  An ooze (D)
  10 orcs (D)
  A rat (D)
56 creatures vanquished.

Vanquished Creatures (collateral kills)
  A rime drake (D)
  A necrophage (D)
  A scorpion (D)
  3 killer bees (D)
  A jelly (D)
7 creatures vanquished.

Vanquished Creatures (others)
  2 draconian scorchers (D)
  A hydra (D)
  2 orc knights (D)
  A spiny frog (D)
  6 hellions (D)
  A komodo dragon (D)
  2 yaktaurs (D)
  2 tyrant leeches (D)
  A kobold demonologist (D)
  2 wandering mushrooms (D)
  8 plants (D)
28 creatures vanquished.

Grand Total: 91 creatures vanquished

Notes
Turn   | Place    | Note
-------+----------+-------------------------------------------
     0 | D        | Ankalagon the Demonspawn Abyssal Knight began the quest for
                  | the Orb.
     0 | D        | Reached XP level 1. HP: 18/18 MP: 2/2
    10 | D        | Reached skill level 2 in Long Blades
    16 | D        | Reached ** piety under Lugonu
    34 | D        | Noticed Jessica
    59 | D        | Killed Jessica
    59 | D        | Reached skill level 4 in Long Blades
    59 | D        | Gained mutation: You sometimes gain a little power by
                  | taking damage. [demonic ancestry]
    59 | D        | Reached XP level 2. HP: 11/24 MP: 3/6
    59 | D        | Gained mutation: A weak demonic guardian rushes to your
                  | aid. [demonic ancestry]
    59 | D        | Reached XP level 3. HP: 14/29 MP: 3/7
    71 | D        | Killed a yaktaur
   107 | D        | Killed a hellion
   145 | D        | Killed a hellion
   146 | D        | Killed a hellion
   148 | D        | Killed a hellion
   149 | D        | Killed a hellion
   149 | D        | Killed a hellion
   260 | D        | Killed a white draconian scorcher
   260 | D        | Killed a white draconian scorcher
   533 | D        | Noticed a scorpion
   538 | D        | Killed a scorpion
   538 | D        | Reached skill level 5 in Long Blades
   538 | D        | Reached XP level 4. HP: 35/35 MP: 8/10
   559 | D        | Gained mutation: You tend to lose your temper in combat.
                  | [potion of mutation]
   559 | D        | Gained mutation: You have sharp toenails. [potion of
                  | mutation]
   559 | D        | Gained mutation: Your muscles are strong. (Str +2) [potion
                  | of mutation]
   564 | D        | Noticed a water elemental
   568 | D        | Killed a water elemental
   568 | D        | Reached skill level 6 in Long Blades
   568 | D        | Gained mutation: You are partially covered in yellow
                  | scales. (AC +2) [demonic ancestry]
   568 | D        | Reached XP level 5. HP: 41/41 MP: 12/12
   652 | D        | Reached *** piety under Lugonu
   652 | D        | Reached skill level 7 in Long Blades
   652 | D        | Reached skill level 10 in Invocations
   807 | D        | Found a shadowy altar of Dithmenos.
   807 | D        | Noticed a necrophage
   819 | D        | Killed a necrophage
   819 | D        | Reached skill level 8 in Long Blades
   820 | D        | Found a basalt altar of Yredelemnul.
   820 | D        | Found a sacrificial altar of Ru.
   823 | D        | Killed a seven-headed hydra
   912 | D        | Found a glowing silver altar of Zin.
   913 | D        | Found a glowing golden altar of the Shining One.
   913 | D        | Found a white marble altar of Elyvilon.
   913 | D        | Noticed a deep elf mage
   929 | D        | Killed a deep elf mage
   929 | D        | Reached skill level 9 in Long Blades
   929 | D        | Gained mutation: You sometimes gain power by taking damage.
                  | [demonic ancestry]
   929 | D        | Reached XP level 6. HP: 33/53 MP: 9/13
   929 | D        | Mutation became permanent: You have sharp toenails.
                  | [demonic ancestry]
   929 | D        | Gained mutation: You have sharp toenails. [demonic
                  | ancestry]
   929 | D        | Reached XP level 7. HP: 37/59 MP: 9/14
  1059 | D        | Found a radiant altar of Vehumet.
  1060 | D        | Found a shimmering blue altar of Sif Muna.
  1060 | D        | Found an ancient bone altar of Kikubaaqudgha.
  1061 | D        | Reached **** piety under Lugonu
  1066 | D        | Reached skill level 1 in Evocations
  1179 | D        | Noticed a shadow
  1196 | D        | Killed a shadow
  1196 | D        | Reached skill level 10 in Long Blades
  1337 | D        | Found a blossoming altar of Fedhas.
  1337 | D        | Found a stormy altar of Qazlal.
  1337 | D        | Found a snail-covered altar of Cheibriados.
  1337 | D        | Found a burning altar of Makhleb.
  1337 | D        | Found a shimmering altar of Xom.
  1338 | D        | Found a hazy altar of Hepliaklqana.
  1338 | D        | Found an opulent altar of Gozag.
  1338 | D        | Found a sparkling altar of Nemelex Xobeh.
  1338 | D        | Found a corrupted altar of Lugonu.
  1338 | D        | Found a viscous altar of Jiyva.
  1338 | D        | Noticed a spatial vortex
  1351 | D        | Killed a spatial vortex
  1475 | D        | Found a hide-covered altar of Uskayaw.
  1475 | D        | Found a roughly hewn altar of Beogh.
  1475 | D        | Found an iron altar of Okawaru.
  1475 | D        | Found a bloodstained altar of Trog.
  1475 | D        | Found an ornate altar of the Wu Jian Council.
  1475 | D        | Noticed a human
  1487 | D        | Killed a human
  1487 | D        | Gained mutation: You are mostly covered in yellow scales.
                  | (AC +3) [demonic ancestry]
  1487 | D        | Reached XP level 8. HP: 63/67 MP: 15/15
  1572 | D        | Reached ***** piety under Lugonu
  1590 | D        | Noticed a two-headed ogre
  1598 | D        | Killed a two-headed ogre
  1598 | D        | Reached skill level 5 in Evocations
  1602 | D        | Reached skill level 11 in Long Blades
  1619 | D        | Found Cetybbyv's Magic Scroll Shoppe.
  1619 | D        | Noticed an orc knight
  1620 | D        | Noticed an orc knight
  1694 | D        | Banished an orc knight
  1721 | D        | Reached XP level 9. HP: 40/76 MP: 14/16
  1849 | D        | Banished an orc knight
  1924 | D        | Reached ****** piety under Lugonu
  1983 | D        | Bought a scroll of identify for 26 gold pieces
  1983 | D        | Bought 2 scrolls of identify for 52 gold pieces
  2033 | D        | Noticed a two-headed ogre
  2033 | D        | Noticed Erolcha
  2034 | D        | Banished Erolcha
  2034 | D        | Reached skill level 12 in Long Blades
  2051 | D        | Killed a two-headed ogre
  2055 | D        | Reached skill level 5 in Armour
  2444 | D        | Noticed a wandering mushroom
  2448 | D        | Noticed a wandering mushroom
  2450 | D        | Noticed a wandering mushroom
  2497 | D        | Banished a wandering mushroom
  2555 | D        | Noticed a spiny frog
  2555 | D        | Noticed a komodo dragon
  2555 | D        | Noticed a spiny frog
  2556 | D        | Banished a spiny frog
  2566 | D        | Banished a komodo dragon
  2566 | D        | Reached skill level 13 in Long Blades
  2569 | D        | Killed a spiny frog
  2569 | D        | Reached XP level 10. HP: 38/84 MP: 9/17
  3088 | D        | Noticed a lindwurm
  3097 | D        | Killed a lindwurm
  3134 | D        | HP: 4/84 [poisoned by a redback]
  3139 | D        | HP: 2/84 [poisoned by a redback]
  3144 | D        | HP: 2/84 [poisoned by a redback]
  3149 | D        | HP: 1/84 [poisoned by a redback]
  3540 | D        | Reached skill level 14 in Long Blades
  3700 | D        | Reached skill level 10 in Armour
  3945 | D        | Noticed Rupert
  3948 | D        | Banished Rupert
  3953 | D        | Noticed an azure jelly
  3953 | D        | Noticed an azure jelly
  3953 | D        | Noticed an azure jelly
  3953 | D        | Noticed an azure jelly
  3954 | D        | Noticed an elephant
  3954 | D        | Noticed an elephant
  3954 | D        | Noticed a dire elephant
  3954 | D        | Noticed a dire elephant
  3954 | D        | Noticed Gastronok
  4613 | D        | Killed Gastronok
  4613 | D        | Gained mutation: You have razor-sharp toenails. [demonic
                  | ancestry]
  4613 | D        | Reached XP level 11. HP: 46/90 MP: 18/18
  4855 | D        | HP: 4/90 [poisoned by a killer bee]
  4860 | D        | HP: 3/90 [poisoned by a killer bee]
  4868 | D        | HP: 3/90 [poisoned by a killer bee]
  4876 | D        | HP: 3/90 [poisoned by a killer bee]
  4940 | D        | HP: 4/90 [killer bee (6)]
  4946 | D        | HP: 3/90 [poisoned by a killer bee]
  4947 | D        | Slain by a killer bee

Levels and vault maps discovered:
D:        dungeon_sprint_mu [sprint_mu_entry_cave, sprint_mu_temple_rooms,
          sprint_mu_d1_spiders, sprint_mu_d2_genie, sprint_mu_d3_branching,
          sprint_mu_orc_legion, sprint_mu_elf_gauntlet, sprint_mu_hive_nellie,
          sprint_mu_lair_fedhas, sprint_mu_vaults_butterflies,
          sprint_mu_slime_circle, sprint_mu_swamp_cave, sprint_mu_snake_twists,
          sprint_mu_blade_basic, sprint_mu_crypt_chambers,
          sprint_mu_tomb_spiral, sprint_mu_vestibule_basic,
          sprint_mu_gehenna_hellfire, sprint_mu_dis_giant,
          sprint_mu_tartarus_statrot, sprint_mu_cocytus_islands, sprint_mu_zot1]

Skill      XL: |  1  2  3  4  5  6  7  8  9 10 |
---------------+-------------------------------+-----
Long Blades    | 4 5 6 9 10 11 13 14 | 14.0
Invocations    | 6 8 9 10 | 10.0
Dodging        | 6 7 9 |  9.5
Fighting       | 6 7 9 |  9.7
Evocations     | 3 6 7 |  7.1
Armour         | 7 13 | 13.9

Action                   |  1- 3 |  4- 6 |  7- 9 | 10-12 || total
-------------------------+-------+-------+-------+-------++-------
Melee: Falchion          |    33 |    22 |   188 |   151 ||   394
       Kick              |       |     8 |    77 |    43 ||   128
Throw: Boomerang         |       |       |     1 |     1 ||     2
Invok: Bend Space        |     2 |       |       |     5 ||     7
       Banish            |       |     1 |    11 |     7 ||    19
Evoke: Wand              |       |       |     5 |     1 ||     6
       Phial of floods   |       |       |     2 |     2 ||     4
  Use: Potion            |     2 |     2 |     1 |     2 ||     7
       Scroll            |       |       |     3 |     1 ||     4
 Stab: Distracted        |       |     2 |     1 |     2 ||     5
       Confused          |       |       |       |     1 ||     1
  Eat: Ration            |       |       |     2 |     2 ||     4
       Chunk             |       |       |     2 |     1 ||     3
Armor: Leather armour    |     4 |     1 |    11 |       ||    16
       Ring mail         |       |       |     4 |    10 ||    14
       Plate armour      |       |       |       |    80 ||    80
Dodge: Dodged            |    17 |     9 |   113 |    87 ||   226
       Rpst.: Falchion   |     5 |     5 |    27 |    26 ||    63

Table legend:
 A = Non-vault XP
 B = Vault XP
 C = Vault XP percentage of total XP
 D = Non-vault monster count
 E = Vault monster count
 F = Vault count percentage of total count
                 A         B        C        D         E       F
            +---------+---------+-------+---------+---------+-------
      Total |       0 |   12934 | 100.0 |       0 |      74 | 100.0
            +---------+---------+-------+---------+---------+-------
          D |       0 |   12934 | 100.0 |       0 |      74 | 100.0
            +---------+---------+-------+---------+---------+-------
